 Dungeon Crawl Stone Soup version 0.29.1-15-g9cfb28693d (webtiles) character file.

Game seed: 16634715048391957242

262 growler the Ruffian (level 5, -5/40 HPs)
             Began as a Draconian Transmuter on Mar 4, 2023.
             Killed from afar by Ijyb (17 damage)
             ... with a bolt of dispelling energy
             ... on level 3 of the Dungeon.
             The game lasted 00:04:48 (2584 turns).

growler the Ruffian (Draconian Transmuter)          Turns: 2584, Time: 00:04:49

Health: -5/40      AC:  2    Str: 12    XL:     5   Next: 97%
Magic:  4/9        EV: 19    Int: 16    God:
Gold:   142        SH:  0    Dex: 16    Spells: 0/10 levels left

rFire   . . .      SeeInvis .     - Unarmed
rCold   . . .      Faith    .   (shield currently unavailable)
rNeg    . . .      Spirit   .   (body armour unavailable)
rPois   x          Reflect  .   (helmet currently unavailable)
rElec   .          Harm     .   (cloak currently unavailable)
rCorr   .          Rampage  .   (gloves currently unavailable)
Will    .....                   (boots currently unavailable)
Stlth   +.........              (no amulet)
HPRegen 0.13/turn               (no ring)
MPRegen 0.11/turn               (no ring)

@: spider-form (expiring)
A: venomous fangs, AC +5, tiny, unfitting armour, (cold-blooded)
a: End Transformation


You were on level 3 of the Dungeon.
You were a venomous arachnid creature.
You visited 1 branch of the dungeon, and saw 3 of its levels.

You collected 142 gold pieces.

Inventory:

Armour
 c - a +0 pair of gloves (melded)
Scrolls
 d - 2 scrolls of vulnerability
 f - a scroll of amnesia {unknown}
 g - 3 scrolls of noise
 i - a scroll of blinking {unknown}
 j - a scroll of enchant weapon {unknown}
 k - 2 scrolls of summoning {unknown}
 m - a scroll of teleportation {unknown}
 n - a scroll of poison {unknown}
 o - a scroll of immolation {unknown}
Potions
 a - a potion of lignification
 b - a potion of curing
 e - a potion of degeneration {unknown}
 h - 3 potions of haste {unknown}
 l - a potion of flight
 p - 2 potions of heal wounds


   Skills:
 - Level 1.2 Fighting
 - Level 1.8 Dodging
 + Level 5.1 Unarmed Combat
 - Level 3.0 Spellcasting
 - Level 4.0 Transmutations


You couldn't memorise any spells.
You knew the following spells:

 Your Spells              Type           Power      Damage    Failure   Level
a - Beastly Appendage     Tmut           30%        N/A       12%         1
b - Wereblood             Tmut           15%        N/A       16%         2
c - Spider Form           Tmut/Pois      8%         N/A       45%         3
d - Ice Form              Ice/Tmut       8%         N/A       82%         4

Your spell library contained the following spells:

 Spells                   Type           Power      Damage    Failure   Level


Dungeon Overview and Level Annotations

Branches:
Dungeon (3/15)

Altars:

Shops:
D:3 =

Annotations:
D:3 Ijyb


Innate Abilities, Weirdness & Mutations

You are a venomous arachnid creature.
You have poisonous fangs.
You are tiny and dextrous.
Your spellcasting is less reliable in this form.
Your armour is entirely melded.
You are incapable of wielding weapons or throwing items.
((Your plain brown scales are hard. (AC +5)))
You cannot fit into any form of body armour.
((You are cold-blooded and may be slowed by cold attacks.))


Message History

You hit Ijyb but do no damage. Ijyb screams, "Me kill you!"
Ijyb hits you but does no damage.
You hit Ijyb but do no damage. Ijyb barely misses you.
You barely miss Ijyb. You tail-slap Ijyb, but do no damage.
Ijyb screams, "Die!"
Ijyb hits you with a +0 dagger.
Casting: Spider Form (quite dangerous; 24% risk of failure)
Confirm with . or Enter, or press ? or * to list all spells.
The spell is quite dangerous to miscast (24% risk of failure)!
Continue anyway?
You turn into a venomous arachnid creature.
Your +0 pair of gloves melds into your body.
Ijyb completely misses you.
You hit Ijyb but do no damage.
Ijyb is poisoned.
Ijyb misses you.
You completely miss Ijyb. Ijyb screams, "Me stronger than you!"
Ijyb completely misses you.
You hit Ijyb.
Ijyb looks even sicker.
Ijyb is lightly wounded.
Ijyb misses you.
You hit Ijyb but do no damage.
Ijyb looks as sick as possible!
Ijyb is moderately wounded.
Ijyb screams, "I cut your head off!" Ijyb closely misses you.
You hit Ijyb but do no damage.
Ijyb looks as sick as possible!
Ijyb is moderately wounded.
Ijyb hits you with a +0 dagger.
* * * LOW HITPOINT WARNING * * *
Unknown command.
You hit Ijyb but do no damage.
Ijyb looks as sick as possible!
Ijyb is heavily wounded.
Your transformation is almost over.
Ijyb misses you.
You barely miss Ijyb.
Ijyb is heavily wounded.
You hit Ijyb but do no damage.
Ijyb looks as sick as possible!
Ijyb is severely wounded.
Ijyb zaps a wand.
The bolt of dispelling energy hits you!
Your magical effects are unravelling.
You die...

#.....)......#...))....#.
#............#...).....#.
#.........####...).....#.
..........####.........#.
#............+.........'[
#.........####.........##
#........## #....[....#
#........# #.........#
.......s# ###########
.......g# ........#
......... ..######. .. ..
##


You could see Ijyb (extremely poisoned).

Vanquished Creatures
  Sigmund (D:2)
  4 gnolls (D:3)
  An adder (D:2)
  2 dart slugs
  A ball python (D:2)
  3 endoplasms
  3 giant cockroaches (D:1)
  7 goblins
  6 hobgoblins
  2 jackals (D:3)
  4 quokkas
  3 bats (D:2)
  2 frilled lizards
  3 kobolds
  4 rats
46 creatures vanquished.

Notes
Turn   | Place    | Note
-------+----------+-------------------------------------------
     0 | D:1      | growler the Draconian Transmuter began the quest for the
                  | Orb.
     0 | D:1      | Reached XP level 1. HP: 16/16 MP: 3/3
   479 | D:1      | Reached XP level 2. HP: 22/23 MP: 5/5
   482 | D:1      | Learned a level 2 spell: Wereblood
  1355 | D:2      | Reached XP level 3. HP: 27/28 MP: 6/6
  1359 | D:2      | Learned a level 3 spell: Spider Form
  1979 | D:2      | Noticed Sigmund
  2357 | D:2      | Killed Sigmund
  2358 | D:2      | Reached skill level 4 in Unarmed Combat
  2358 | D:2      | Reached XP level 4. HP: 35/35 MP: 4/8
  2358 | D:2      | Reached XP level 5. HP: 40/40 MP: 4/9
  2363 | D:2      | Learned a level 4 spell: Ice Form
  2501 | D:3      | Found Naciah's Jewellery Boutique.
  2516 | D:3      | Reached skill level 5 in Unarmed Combat
  2567 | D:3      | Noticed Ijyb
  2584 | D:3      | Killed from afar by Ijyb

Illustrated notes

Levels and vault maps discovered:
D:1:      psy_arrival_radial01, layout_loops_ring
D:2:      layout_basic, uniq_sigmund
D:3:      layout_basic, serial_shops, nicolae_shop_trees, uniq_ijyb

Skill      XL: |  1  2  3  4  5 |
---------------+----------------+-----
Unarmed Combat | 4 5 |  5.1
Spellcasting   | 3 |  3.0
Transmutations | 4 |  4.0
Fighting       | |  1.2
Dodging        | |  1.8

Action                   |  1- 3 |  4- 6 || total
-------------------------+-------+-------++-------
Melee: Unarmed           |   155 |    34 ||   189
       Tailslap          |    15 |     3 ||    18
       Kick              |     4 |     2 ||     6
       Punch             |     1 |     1 ||     2
       Headbutt          |     2 |     3 ||     5
 Cast: Beastly Appendage |     4 |     1 ||     5
       Spider Form       |     1 |     2 ||     3
       Wereblood         |       |     2 ||     2
  Use: Scroll            |       |     5 ||     5
 Stab: Sleeping          |     2 |       ||     2
Armor: Skin              |    51 |     9 ||    60
Dodge: Dodged            |   112 |    24 ||   136
